 Dungeon Crawl Stone Soup version 0.26.1-10-gdfb7c7de75 (webtiles) character file.

Game seed: 17026117712161790579

840 phalm the Skirmisher (level 7, -7/61 HPs)
             Began as a Red Draconian Chaos Knight on Apr 2, 2021.
             Was a Plaything of Xom.
             Mangled by an ogre
             ... wielding a +0 giant club
              (14 damage)
             ... on level 6 of the Dungeon.
             The game lasted 00:13:06 (6498 turns).

phalm the Skirmisher (Red Draconian Chaos Knight)   Turns: 6498, Time: 00:13:07

Health: -7/61      AC: -3    Str: 16    XL:     7   Next: 67%
Magic:  0/10       EV: 13    Int: 13    God:    Xom [...*..]
Gold:   371        SH:  0    Dex: 12    Spells: 8/10 levels left

rFire    + + .     SeeInvis .   j - +3 rapier
rCold    + . .     Faith    .   l - +0 buckler
rNeg     . . .     Spirit   +   (armour unavailable)
rPois    .         Reflect  .   (helmet restricted)
rElec    .         Harm     .   e - +0 cloak
rCorr    .         Rampage  .   f - +0 pair of gloves
Will     .....                  s - +0 pair of boots
Stlth    +.........             q - amulet of guardian spirit
HPRegen  0.20/turn              h - ring of protection from cold
MPRegen  0.12/turn              v - +4 ring of protection

@: confused, short of breath, corroded
A: breathe fire, unfitting armour, fire resistance 2, strong 1, evolution 1,
cold-blooded, AC +6
a: Breathe Fire, Renounce Religion


You were on level 6 of the Dungeon.
You worshipped Xom.
You were a favourite toy of Xom.
You visited 1 branch of the dungeon, and saw 6 of its levels.
You also visited: Sewer.

You collected 475 gold pieces.
You spent 104 gold pieces at shops.

Inventory:

Hand Weapons
 a - a +0 falchion of chaos
 j - a +3 rapier (weapon)
Missiles
 m - a throwing net (quivered)
Armour
 e - a +0 cloak (worn)
 f - a +0 pair of gloves (worn)
 l - a +0 buckler (worn)
 s - a +0 pair of boots (worn)
Jewellery
 h - a ring of protection from cold (left hand)
 k - an uncursed ring of positive energy
 q - an amulet of guardian spirit (around neck)
 v - a +4 ring of protection (right hand)
Scrolls
 b - 5 scrolls of remove curse
 i - 3 scrolls of teleportation {unknown}
 n - a scroll of fear {unknown}
 o - 4 scrolls of immolation
 r - a scroll of random uselessness {unknown}
 u - 2 scrolls of enchant armour {unknown}
 w - a scroll of enchant weapon
 y - a scroll of amnesia {unknown}
Potions
 c - 5 potions of curing
 d - 5 potions of brilliance
 g - a potion of flight
 p - 3 potions of attraction {unknown}
 t - 3 potions of heal wounds
 x - a potion of might {unknown}
 z - 2 potions of magic {unknown}
 A - a potion of cancellation {unknown}


   Skills:
 + Level 5.3 Fighting
 + Level 2.5(4.0) Short Blades
 + Level 4.6(5.0) Long Blades
 + Level 3.8 Dodging
 + Level 2.5 Shields
 + Level 2.3 Spellcasting
 + Level 2.4 Hexes


You had 8 spell levels left.
You knew the following spells:

 Your Spells              Type           Power        Failure   Level
a - Slow                  Hex            7%           17%         2

Your spell library contained the following spells:

 Spells                   Type           Power        Failure   Level
 Inner Flame              Hex/Fire       4%           47%         3
 Leda's Liquefaction      Hex/Erth       2%           87%         4
 Lightning Bolt           Conj/Air       0%           100%        5
 Invisibility             Hex            7%           100%        6


Dungeon Overview and Level Annotations

Branches:
Dungeon (6/15)             Temple (0/1) D:5           Sewer (visited)

Altars:
Ru
Sif Muna
Vehumet
Wu Jian

Shops:
D:4 !   D:5 *


Innate Abilities, Weirdness & Mutations

You can breathe blasts of fire.
Your fiery red scales are hard. (AC +6)
You cannot fit into any form of body armour.
Your flesh is very heat resistant. (rF++)
You are cold-blooded and may be slowed by cold attacks.
Your muscles are strong. (Str +2)
You evolve.


Message History

Press: ? - help, Shift-Dir - straight line, f - ogre
Aim: an ogre, wielding a +0 giant club You breathe a blast of fire.
The fiery breath hits the ogre!
The ogre is severely wounded.
The fiery breath misses the ogre.
The ogre is engulfed in blazing flames.
Unknown command.
You hit the ogre but do no damage.
The ogre is severely wounded.
Xom's power touches on your mind for a moment.
You are confused.
The ogre is engulfed in blazing flames.
The ogre hits your crimson imp with a +0 giant club!!
Your crimson imp dies!
The ogre hits you with a +0 giant club!!
* * * LOW HITPOINT WARNING * * *
The ogre is engulfed in blazing flames.
You kill the ogre!
You're too confused to move!
The ogre hits you with a +0 giant club!
You die...
Xom laughs nastily!

# #.###.. ###
#..##.. #.. ##.##..
#.# #..#.. #.#
##.... #.#
######....
######.####.......##
#..................#
#..@..#####......#.#
#..O..# #......#..
#.....# #.....###.
#.#...# #.....# .
####.###.# #.....# .
#...°# #.# #.....# #
#.#......# #######
.. ......## 5..
.......#


You could see an ogre.

Vanquished Creatures
  An orc warrior (D:6)
  An ogre (D:6)
  A phantom (D:4)
  2 bullfrog zombies
  An orc priest (D:5)
  2 orc wizards (D:4)
  A jelly (D:6)
  An iguana (D:4)
  A worker ant (D:4)
  3 gnolls (D:5)
  9 adders
  2 ufetubi (D:5)
  An ooze (D:2)
  An adder skeleton (D:5)
  An adder zombie (D:6)
  2 worms (D:5)
  A dart slug (D:3)
  4 leopard geckos
  12 orcs
  6 giant cockroaches
  4 goblins
  10 hobgoblins
  7 jackals
  11 kobolds
  2 quokkas (D:2)
  8 ball pythons
  8 bats
  11 frilled lizards
  3 leopard gecko skeletons
  7 rats
124 creatures vanquished.

Vanquished Creatures (collateral kills)
  The ghost of NotreDorf the Poker, an amateur MfGl (D:3)
  A killer bee (D:3)
2 creatures vanquished.

Vanquished Creatures (others)
  A fungus (D:6)
  7 plants (Sewer)
8 creatures vanquished.

Grand Total: 134 creatures vanquished

Notes
Turn   | Place    | Note
-------+----------+-------------------------------------------
     0 | D:1      | phalm the Draconian Chaos Knight began the quest for the
                  | Orb.
     0 | D:1      | Reached XP level 1. HP: 19/19 MP: 1/1
   210 | D:1      | Reached XP level 2. HP: 17/26 MP: 2/2
   372 | D:1      | XOM: 1-stop teleportation journey
  1126 | D:2      | Reached XP level 3. HP: 27/33 MP: 3/3
  1316 | D:2      | XOM: noise
  1438 | D:2      | XOM: divination: detect items
  1490 | D:2      | Reached skill level 4 in Fighting
  1548 | D:2      | Found a shimmering blue altar of Sif Muna.
  1691 | D:2      | XOM: god gift: graven book {god gift}
  1691 | D:2      | Identified Xom's Almanac of Egalitarianism (Xom gifted it
                  | to you on level 2 of the Dungeon)
  1696 | D:2      | Learned a level 2 spell: Slow
  1900 | D:2      | Found a radiant altar of Vehumet.
  1901 | D:2      | Found a sacrificial altar of Ru.
  1971 | D:3      | Reached XP level 4. HP: 40/40 MP: 4/4
  2257 | D:3      | XOM: scenery: 2 doors close
  2388 | D:3      | Found a runed translucent door.
  2389 | D:3      | Noticed NotreDorf's ghost (amateur MfGl)
  2693 | D:3      | Reached XP level 5. HP: 41/46 MP: 6/6
  2830 | D:3      | XOM: cloud trail
  2958 | D:3      | XOM: fake destruction
  2959 | D:3      | XOM: summons 4 friendly demons
  2963 | D:3      | Reached skill level 1 in Shields
  2963 | D:3      | Reached skill level 1 in Spellcasting
  2963 | D:3      | Reached skill level 1 in Hexes
  2969 | D:3      | Killed NotreDorf's ghost
  2970 | D:3      | Reached skill level 1 in Short Blades
  3185 | D:4      | XOM: cloud trail
  3220 | D:4      | Reached XP level 6. HP: 34/53 MP: 4/7
  3674 | D:4      | Found Vutuneara's Distillery.
  3677 | D:4      | Bought a potion of heal wounds for 65 gold pieces
  3677 | D:4      | Bought a potion of curing for 39 gold pieces
  3699 | D:4      | XOM: noise
  4080 | D:4      | Found an ornate altar of the Wu Jian Council.
  4281 | D:5      | Entered Level 5 of the Dungeon
  4299 | D:5      | Found a glowing drain.
  4361 | Sewer    | Entered a sewer
  4625 | Sewer    | XOM: give mutations
  4625 | Sewer    | Gained mutation: Your muscles are strong. (Str +2) [Xom's
                  | grace]
  4625 | Sewer    | Gained mutation: You evolve. [Xom's grace]
  4625 | Sewer    | Gained mutation: You are agile. (Dex +2) [Xom's grace]
  4852 | Sewer    | Your scales start taking on a fiery red colour.
  4852 | Sewer    | Reached XP level 7. HP: 54/60 MP: 7/9
  4852 | Sewer    | Gained mutation: Your flesh is heat resistant. (rF+) [Red
                  | Draconian growth]
  5283 | D:5      | Found a staircase to the Ecumenical Temple.
  5446 | D:5      | Reached skill level 5 in Fighting
  5500 | D:5      | XOM is BORED!
  5526 | D:5      | Lost mutation: You are agile. (Dex +2) [evolution]
  5562 | D:5      | Found Seofrig's General Store.
  5992 | D:5      | XOM: give mutation
  5992 | D:5      | Gained mutation: Your flesh is very heat resistant. (rF++)
                  | [Xom's grace]
  6150 | D:6      | XOM: confusion (+ monsters)
  6162 | D:6      | XOM: smoke on damage
  6353 | D:6      | XOM: god gift: 52 gold pieces
  6476 | D:6      | XOM: noise
  6482 | D:6      | XOM: summons friendly crimson imp
  6495 | D:6      | XOM: confusion
  6498 | D:6      | Mangled by an ogre

Illustrated notes

Levels and vault maps discovered:
D:1:      dpeg_arrival_prison, layout_loops_cross
D:2:      layout_loops_ring, led_sif_pool, nicolae_overflow_hidden_temple
D:3:      layout_basic, ebering_ghost_inner_flame, minmay_fountain_box
D:4:      layout_cave_pools, nzn_wu_jian_contemplation, serial_shops,
          nicolae_shop_behind_doors, kennysheep_path_1
D:5:      layout_layer_cave, temple_fountains, cheibrodos_sewer_entry_sluice,
          serial_shops, nicolae_shop_temple_entry_statues_fountains
D:6:      layout_basic, fedhas_altar_3, minmay_a_box_with_orc_wizards_in_it

Skill      XL: |  1  2  3  4  5  6  7 |
---------------+----------------------+-----
Fighting       | 4 5 |  5.3
Dodging        | 3 |  3.8
Shields        | 1 2 |  2.5
Spellcasting   | 1 2 |  2.3
Hexes          | 1 2 |  2.4
Short Blades   | 1 2 |  2.5
Long Blades    | 4 |  4.6

Action                   |  1- 3 |  4- 6 |  7- 9 || total
-------------------------+-------+-------+-------++-------
Melee: Falchion          |   109 |       |       ||   109
       Tailslap          |     9 |    22 |     9 ||    40
       Rapier            |     4 |   238 |   101 ||   343
 Abil: Breathe Fire      |       |       |     2 ||     2
  Use: Scroll            |       |     3 |       ||     3
       Potion            |       |     2 |       ||     2
 Stab: Sleeping          |     2 |       |       ||     2
       Paralysed         |     2 |       |       ||     2
       Distracted        |     1 |       |       ||     1
Armor: Skin              |    35 |   115 |    29 ||   179
Dodge: Dodged            |    77 |   179 |    62 ||   318
Block: Buckler           |       |    57 |    23 ||    80
       Rpst.: Falchion   |    21 |       |       ||    21
